 Dungeon Crawl Stone Soup version 0.29.0-11-gd7f09526c8 (webtiles) character file.

Game seed: 7900756158032615136

54407 purpskrrrp the Severer (level 14, -8/135 HPs)
             Began as a Hill Orc Fighter on Sept 6, 2022.
             Was a High Priest of Ashenzari.
             Killed from afar by an oklob plant (24 damage)
             ... with a splash of acid
             ... on level 5 of the Lair of Beasts.
             The game lasted 01:14:56 (18932 turns).

purpskrrrp the Severer (Hill Orc Fighter)          Turns: 18932, Time: 01:14:57

Health: -8/135     AC:  6    Str: 30    XL:     14   Next: 72%
Magic:  24/24      EV: 16    Int: 14    God:    Ashenzari [*****.]
Gold:   1200       SH: 16    Dex: 18    Spells: 24/26 levels left

rFire   . . .      SeeInvis +   w - +14 obsidian axe {vorpal, Mesm Drain Fly SInv, Self, Evo} (curse)
rCold   + . .      Faith    .   c - +2 buckler "Cursed Mistrust" {Fort, Evo} (curse)
rNeg    . . .      Spirit   .   b - +0 scale mail
rPois   +          Reflect  +   T - +2 helmet of Ashenzari's Visionary {Melee, Elem} (curse)
rElec   .          Harm     .   M - +1 cloak "At What Cost Knowledge?" {+Inv Int+6 Dex+4, Cun, Fort} (curse)
rCorr   .          Rampage  .   D - +1 pair of gloves "Behold Eternity" {rPois rC+, Melee, Comp} (curse)
Will    +....      Clarity  +   h - +0 pair of boots of Ashenzari's Black Moon {Fort, Evo} (curse)
Stlth   ++........              S - amulet of Supernal Knowledge {Reflect SH+5, Fort, Self} (curse)
HPRegen 0.32/turn               x - ring of Ashenzari's Ordeal {Str+6 Dex+4, Fort, Melee} (curse)
MPRegen 0.19/turn               A - ring "Tethered Prison" {Fly, Elem, Fort} (curse)

@: corroded, flying, mesmerised
A: no striking features
a: Renounce Religion, Evoke Invisibility, Curse Item, Shatter the Chains


You were on level 5 of the Lair of Beasts.
You worshipped Ashenzari.
Ashenzari was extremely pleased with you.
You visited 3 branches of the dungeon, and saw 20 of its levels.
You also visited: Sewer and Bailey.

You collected 1462 gold pieces.
You spent 262 gold pieces at shops.

Inventory:

Hand Weapons
 w - the cursed +14 obsidian axe (weapon) {vorpal, Mesm Drain Fly SInv, Self, Evo}
   (You acquired it on level 5 of the Dungeon)

   It inflicts extra damage upon your enemies.
   It occasionally summons demons to assist the wielder when it strikes in
   combat.
   Its wielder is mesmerised by any visible foes.
   It cannot be unequipped while any foes are visible.
   SInv:      It lets you see invisible.
   Fly:       It grants you flight.
   Drain:     It drains your maximum health when unequipped.
   It has a curse which improves the following skills: Introspection: Fighting
   and Spellcasting.
   Evocations: Evocations.
 X - the +9 falchion of Aroptargh {vorpal, +Blink}
   (You found it on level 3 of the Lair of Beasts)

   It inflicts extra damage upon your enemies.
   +Blink:    It lets you blink.
Missiles
 u - 4 throwing nets
 B - a silver boomerang
Armour
 b - a +0 scale mail (worn)
 c - the cursed +2 buckler "Cursed Mistrust" (worn) {Fort, Evo}

   It has a curse which improves the following skills: Fortitude: Armour and
   Shields.
   Evocations: Evocations.
 h - the cursed +0 pair of boots of Ashenzari's Black Moon (worn) {Fort, Evo}
   (You found it on level 1 of the Dungeon)

   It has a curse which improves the following skills: Fortitude: Armour and
   Shields.
   Evocations: Evocations.
 q - a +2 leather armour of willpower
 D - the cursed +1 pair of gloves "Behold Eternity" (worn) {rPois rC+, Melee, Comp}
   (You acquired it in a bailey)

   rC:        It protects you from cold.
   rPois:     It protects you from poison.
   It has a curse which improves the following skills: Melee Combat: Short
   Blades, Long Blades, Axes, Maces & Flails, Polearms, Staves and Unarmed
   Combat.
   Companions: Summonings and Necromancy.
 G - a +0 cloak
 L - a +2 hat of see invisible
 M - the cursed +1 cloak "At What Cost Knowledge?" (worn) {+Inv Int+6 Dex+4, Cun, Fort}
   (You acquired it on level 10 of the Dungeon)

   Int:       It affects your intelligence (+6).
   Dex:       It affects your dexterity (+4).
   +Inv:      It lets you turn invisible.
   It has a curse which improves the following skills: Cunning: Dodging and
   Stealth.
   Fortitude: Armour and Shields.
 T - the cursed +2 helmet of Ashenzari's Visionary (worn) {Melee, Elem}
   (You found it on level 12 of the Dungeon)

   It has a curse which improves the following skills: Melee Combat: Short
   Blades, Long Blades, Axes, Maces & Flails, Polearms, Staves and Unarmed
   Combat.
   Elements:  Fire Magic, Ice Magic, Air Magic and Earth Magic.
Jewellery
 f - the ring "Uwypynt" {rElec rPois}
   (You found it on level 4 of the Lair of Beasts)

   [ring of poison resistance]

   rElec:     It insulates you from electricity.
   rPois:     It protects you from poison.
 p - an amulet of the acrobat
 x - the cursed ring of Ashenzari's Ordeal (left hand) {Str+6 Dex+4, Fort, Melee}
   (You acquired it on level 5 of the Dungeon)

   [ring of strength]

   Str:       It affects your strength (+6).
   Dex:       It affects your dexterity (+4).
   It has a curse which improves the following skills: Fortitude: Armour and
   Shields.
   Melee Combat: Short Blades, Long Blades, Axes, Maces & Flails, Polearms,
   Staves and Unarmed Combat.
 A - the cursed ring "Tethered Prison" (right hand) {Fly, Elem, Fort}
   (You found it on level 5 of the Dungeon)

   [ring of flight]

   Fly:       It grants you flight.
   It has a curse which improves the following skills: Elements: Fire Magic, Ice
   Magic, Air Magic and Earth Magic.
   Fortitude: Armour and Shields.
 R - the ring "Fegryh" {Drain +Blink Str+3 Slay+4}
   (You found it on level 11 of the Dungeon)

   [ring of slaying]

   Str:       It affects your strength (+3).
   Slay:      It affects your accuracy & damage with ranged weapons and melee
   (+4).
   +Blink:    It lets you blink.
   Drain:     It drains your maximum health when unequipped.
 S - the cursed amulet of Supernal Knowledge (around neck) {Reflect SH+5, Fort, Self}
   (You found it on level 11 of the Dungeon)

   [amulet of reflection]

   It reflects blocked missile attacks.
   SH:        It affects your SH (+5).
   It has a curse which improves the following skills: Fortitude: Armour and
   Shields.
   Introspection: Fighting and Spellcasting.
 V - a +6 ring of dexterity
Wands
 e - a wand of flame (39)
 r - a wand of polymorph (14)
 s - a wand of digging (4)
 v - a wand of paralysis (13)
 H - a wand of quicksilver (2)
 P - a wand of mindburst (6)
 W - a wand of iceblast (6) (quivered)
Scrolls
 a - 2 scrolls of magic mapping
 j - 4 scrolls of teleportation
 n - 4 scrolls of fear
 t - 7 scrolls of blinking
 O - 3 scrolls of poison
 U - 2 scrolls of silence
Potions
 d - 2 potions of haste
 m - 2 potions of heal wounds
 o - a potion of invisibility
 z - 12 potions of curing
 C - 2 potions of berserk rage
 E - 3 potions of magic
 J - 5 potions of ambrosia
 N - 4 potions of cancellation


   Skills:
 * Level 11.7(15.1) Fighting
 * Level 16.8(21.2) Axes
 * Level 10.8(18.0) Armour
 + Level 7.9(10.2) Dodging
 + Level 4.5(6.7) Stealth
 * Level 10.7(17.9) Shields
 + Level 3.7(6.8) Spellcasting
 + Level 5.4(8.8) Fire Magic
 + Level 0.7(2.3) Earth Magic
 + Level 8.0(12.5) Evocations


You had 24 spell levels left.
You knew the following spells:

 Your Spells              Type           Power      Damage    Failure   Level
a - Scorch                Fire           58%        2d8       1%          2

Your spell library contained the following spells:

 Spells                   Type           Power      Damage    Failure   Level
 Necrotise                Necr           20%        1d5       22%         1
 Summon Small Mammal      Summ           20%        N/A       22%         1
 Ignite Poison            Fire/Tmut/Pois 13%        N/A       22%         3
 Apportation              Tloc           8%         N/A       26%         1
 Slow                     Hex            16%        N/A       26%         1
 Sublimation of Blood     Necr           5%         N/A       32%         2
 Static Discharge         Conj/Air       5%         3-4/arc   34%         2
 Flame Wave               Conj/Fire      17%        2d7       38%         4
 Frozen Ramparts          Ice            12%        1d2       52%         3
 Ozocubu's Armour         Ice            6%         N/A       52%         3
 Vampiric Draining        Necr           5%         2d6       54%         3
 Mephitic Cloud           Conj/Pois/Air  5%         N/A       56%         3
 Confusing Touch          Hex            4%         N/A       58%         3
 Petrify                  Tmut/Erth      8%         N/A       83%         4
 Summon Ice Beast         Ice/Summ       5%         N/A       91%         4
 Hailstorm                Conj/Ice       5%         3d4       92%         4
 Ice Form                 Ice/Tmut       5%         N/A       92%         4
 Freezing Cloud           Conj/Ice/Air   2%         6-21      99%         5
 Lightning Bolt           Conj/Air       2%         1d14      99%         5
 Metabolic Englaciation   Hex/Ice        2%         N/A       99%         5
 Irradiate                Conj/Tmut      2%         3d12      100%        5
 Simulacrum               Ice/Necr       2%         N/A       100%        6
 Summon Cactus Giant      Summ           2%         N/A       100%        6
 Maxwell's Capacitive Co  Air            3%         ∞         100%        8


Dungeon Overview and Level Annotations

Branches:
Dungeon (14/15)            Temple (1/1) D:4            Lair (5/5) D:10
  Swamp (0/4) Lair:2        Snake (0/4) Lair:2        Slime (0/5) Lair:5
    Orc (0/2) D:11         Vaults (0/5) D:13          Sewer (visited)
 Bailey (visited)

Altars:
Ashenzari
Cheibriados
Dithmenos
Elyvilon
Fedhas
Gozag
Hepliaklqana
Kikubaaqudgha
Makhleb
Nemelex Xobeh
Okawaru
Qazlal
Ru
Sif Muna
Trog
Uskayaw
Vehumet
Wu Jian
Xom
Yredelemnul
Zin
The Shining One
Jiyva

Shops:
D:2 ?((   D:4 *   D:9 ?

Annotations:
Lair:5 exclusion: oklob plant


Message History

The oklob plant spits acid at you. The splash of acid hits you!
The oklob plant spits acid at you. The splash of acid hits you!!
The acid corrodes you! The oklob plant spits acid at you.
The splash of acid reflects off an invisible shield around you!
The splash of acid hits the oklob plant.
The oklob plant completely resists.
You feel much better. You block the black mamba's attack.
The oklob plant spits acid at you. The splash of acid hits you!!
* * * LOW HITPOINT WARNING * * *
The acid corrodes you! The oklob plant spits acid at you.
The splash of acid hits you!
* * * LOW HITPOINT WARNING * * *
You block the black mamba's attack.
Okay, then.
Blink to where?
Press: ? - help, Dir - move target You cannot blink away from the black mamba!
Blink to where?
Press: ? - help, Dir - move target, f - black mamba
Aim: a black mamba (mesmerising)
Okay, then.
Aiming: Iceblast
Press: ? - help, Q - select action, (/) - cycle Shift-Dir - straight line The mass of ice explodes!
The iceblast engulfs the oklob plant!!
The oklob plant is severely damaged.
The iceblast engulfs the oklob plant!!
You destroy the oklob plant!
The iceblast engulfs the oklob plant!
You destroy the oklob plant!
The iceblast engulfs the oklob plant!
You destroy the oklob plant!
You hear an angry hiss.
You block the black mamba's attack. The oklob plant spits acid at you.
The splash of acid hits you!!
You die...

* ,,, ,, , ,, * , , ,,
*,,.............#., ,
*,,...P.......$...,, *
, * ..._>........##.
*,,, ,
...........l....P. ,
*.................. ,
*#.............#....
,, #......S....#...#..
* ##...@..?...^.... ,
*
#P.....†...P..P#**,,,,
##..........P..#
#P....P.....#..#, , ,
##........<....# ,, ,
#P..........#..P.., ,
#......$..........
#P..........#P.P.. ,
##..#.#.....#..... , ,


You could see an oklob plant, a komodo dragon and a black mamba (mesmerising).

Vanquished Creatures
  Gastronok (Lair:1)
  2 hydras (Lair:3)
  8 vault guards (D:13)
  2 centaur warriors
  4 two-headed ogres
  An orc high priest (Bailey)
  5 slime creatures
  A goliath frog (D:13)
  A death drake (shapeshifter) (D:13)
  Pikel (D:8)
  A bog body (Lair:2)
  4 deep elf pyromancers
  3 oklob plants (Lair:5)
  A harpy (shapeshifter) (D:13)
  A mana viper (shapeshifter) (D:13)
  An ugly thing (D:11)
  2 manticores
  A moth of wrath (Lair:4)
  A cyclops (D:11)
  13 elephants
  2 black mambas
  3 gargoyles
  2 unseen horrors
  A torpor snail (Lair:4)
  5 cane toads
  A rime drake (Lair:4)
  3 kobold demonologists
  5 komodo dragons
  4 trolls
  2 polar bears
  A wind drake (shapeshifter) (D:13)
  3 hornets
  9 blink frogs
  4 spriggans (Lair:4)
  5 wyverns
  A vampire (D:12)
  Eustachio (D:4)
  2 wraiths
  2 shadows
  41 yaks
  Edmund (D:6)
  2 wargs (D:10)
  3 nagas (Lair:2)
  An acid dragon (D:12)
  3 water moccasins
  Duvessa (D:7)
  An ice beast (D:6)
  9 orc warriors
  A sky beast (D:7)
  A black bear (D:7)
  2 ogres (D:5)
  6 wolves (Lair:3)
  7 centaurs
  2 lemures (D:8)
  2 kobold brigands
  15 bullfrogs
  2 necrophages (D:5)
  A scorpion (D:6)
  A gnoll sergeant (D:7)
  10 wights
  Dowan (D:7)
  14 killer bees
  5 electric eels
  A howler monkey (D:10)
  11 orc priests
  6 hounds
  2 jellies
  A gnoll bouda (D:8)
  Jessica (D:3)
  2 iguanas
  8 orc wizards
  13 gnolls
  12 adders
  A river rat (D:5)
  3 ufetubi (D:5)
  A worm (D:4)
  3 dart slugs
  51 orcs
  14 ball pythons
  15 endoplasms
  11 giant cockroaches
  7 hobgoblins
  6 jackals
  9 quokkas
  2 bats (D:2)
  11 frilled lizards
  19 goblins
  18 kobolds
  10 rats
  A butterfly (Lair:2)
  2 plants (D:11)
483 creatures vanquished.

Vanquished Creatures (collateral kills)
  The ghost of Lutiheq the Grappler, a journeyman DrTm of Wu Jian (Lair:4)
  2 hydras
  An ugly thing (D:13)
  2 elephants
  A tyrant leech (D:12)
  A blink frog (Lair:2)
  2 slime creatures
  3 yaks (Lair:2)
  A basilisk (Lair:2)
  An acid dragon (D:9)
  2 orc warriors
  Blork the orc (D:6)
  2 bullfrogs
  A gnoll sergeant (D:8)
  A wight (D:9)
  2 electric eels
  2 gnolls (Bailey)
  A dart slug (D:9)
  12 orcs
  A goblin (Bailey)
  2 plants (D:11)
42 creatures vanquished.

Vanquished Creatures (others)
  8 fungi
  36 plants
  A withered plant (D:4)
45 creatures vanquished.

Grand Total: 570 creatures vanquished

Notes
Turn   | Place    | Note
-------+----------+-------------------------------------------
     0 | D:1      | purpskrrrp the Hill Orc Fighter began the quest for the
                  | Orb.
     0 | D:1      | Reached XP level 1. HP: 19/19 MP: 1/1
   696 | D:1      | Reached skill level 3 in Axes
   696 | D:1      | Reached XP level 2. HP: 27/27 MP: 2/2
  1320 | D:2      | Reached XP level 3. HP: 28/33 MP: 3/3
  1356 | D:2      | Found Cukep's Antique Weapon Emporium.
  1359 | D:2      | Found a faded altar of an unknown god.
  1754 | D:2      | Found Suitom's Magic Scroll Emporium.
  1765 | D:2      | Bought a scroll of identify for 26 gold pieces
  1765 | D:2      | Bought a scroll of identify for 26 gold pieces
  1853 | D:2      | Found Ucatiele's Weapon Emporium.
  2030 | D:3      | Reached XP level 4. HP: 40/40 MP: 4/4
  2196 | D:3      | Reached skill level 4 in Axes
  2368 | D:3      | Found a hide-covered altar of Uskayaw.
  2380 | D:3      | Reached skill level 1 in Dodging
  2413 | D:3      | Noticed Jessica
  2422 | D:3      | Killed Jessica
  2618 | D:3      | Reached XP level 5. HP: 42/46 MP: 5/5
  3530 | D:4      | Found a staircase to the Ecumenical Temple.
  3563 | Temple   | Entered the Ecumenical Temple
  3656 | Temple   | Became a worshipper of Ashenzari the Shackled
  3689 | D:4      | Noticed Eustachio
  3699 | D:4      | Found Zifyumun's General Store.
  3715 | D:4      | Reached skill level 5 in Axes
  3715 | D:4      | Reached XP level 6. HP: 22/53 MP: 6/6
  3722 | D:4      | Killed Eustachio
  3953 | D:4      | Found a stormy altar of Qazlal.
  4027 | D:4      | Found an ancient bone altar of Kikubaaqudgha.
  4229 | D:4      | Reached skill level 5 in Fighting
  4372 | D:5      | Entered Level 5 of the Dungeon
  4402 | D:5      | Reached skill level 6 in Axes
  4402 | D:5      | Reached XP level 7. HP: 46/61 MP: 7/7
  4547 | D:5      | Found a glowing drain.
  4556 | Sewer    | Entered a sewer
  5360 | D:5      | Reached skill level 5 in Armour
  5394 | D:5      | Reached skill level 7 in Axes
  5394 | D:5      | Reached skill level 5 in Shields
  5479 | D:5      | Reached XP level 8. HP: 24/69 MP: 8/8
  6073 | D:5      | Identified a scroll of acquirement
  6073 | D:5      | Acquired the +14 obsidian axe {vorpal, Mesm Drain Fly SInv}
  6073 | D:5      | Found the +14 obsidian axe {vorpal, Mesm Drain Fly SInv}
  6231 | D:5      | Noticed a shadow
  6238 | D:5      | Killed a shadow
  6246 | D:5      | Acquired the ring "Emyrosam" {Str+6 Dex+4}
  6323 | D:5      | Reached skill level 8 in Axes
  6723 | D:6      | Noticed Edmund
  6736 | D:6      | Killed Edmund
  7036 | D:6      | Noticed Blork the orc
  7041 | D:6      | Killed Blork the orc
  7190 | D:6      | Reached * piety under Ashenzari
  7329 | D:6      | Reached skill level 9 in Axes
  7329 | D:6      | Reached XP level 9. HP: 62/78 MP: 9/9
  7648 | D:6      | Reached ** piety under Ashenzari
  7920 | D:7      | Found a shimmering altar of Xom.
  7958 | D:7      | Noticed Duvessa
  7963 | D:7      | Killed Duvessa
  7963 | D:7      | Noticed Dowan
  7965 | D:7      | Killed Dowan
  7975 | D:7      | Found a sparkling altar of Nemelex Xobeh.
  8061 | D:7      | Reached skill level 1 in Evocations
  8509 | D:8      | Noticed a hornet
  8513 | D:8      | Killed a hornet
  8516 | D:8      | Found an iron altar of Okawaru.
  8555 | D:8      | Reached skill level 10 in Axes
  8555 | D:8      | Noticed a rust devil
  8570 | D:8      | Reached *** piety under Ashenzari
  8667 | D:8      | Found a flagged portal.
  8680 | Bailey   | Entered a bailey
  8816 | Bailey   | Noticed a kobold demonologist
  8818 | Bailey   | Killed a kobold demonologist
  8819 | Bailey   | Reached XP level 10. HP: 75/91 MP: 10/10
  9193 | Bailey   | Acquired the +1 pair of gloves "Ikeemaq" {rPois rC+}
  9213 | Bailey   | Found an iron altar of Okawaru.
  9214 | Bailey   | Noticed an orc high priest
  9218 | Bailey   | Reached skill level 11 in Axes
  9222 | Bailey   | Killed an orc high priest
  9289 | Bailey   | Identified the +7 flail "Waq Quyt" {vorpal, rF- rCorr
                  | Str+2}
  9887 | D:8      | Noticed Pikel
  9896 | D:8      | Killed Pikel
  9897 | D:8      | Reached skill level 5 in Dodging
  9956 | D:8      | Reached skill level 12 in Axes
 10006 | D:8      | Found a blossoming altar of Fedhas.
 10200 | D:8      | Reached XP level 11. HP: 79/100 MP: 11/11
 10853 | D:9      | Found Zesme's Magic Scroll Emporium.
 10955 | D:9      | Bought a scroll of enchant armour for 105 gold pieces
 10955 | D:9      | Bought a scroll of enchant armour for 105 gold pieces
 11173 | D:9      | Found a basalt altar of Yredelemnul.
 11205 | D:9      | Found a snail-covered altar of Cheibriados.
 11501 | D:10     | Entered Level 10 of the Dungeon
 11511 | D:10     | Found a staircase to the Lair.
 11762 | D:10     | Noticed a two-headed ogre
 11767 | D:10     | Killed a two-headed ogre
 11768 | D:10     | Reached skill level 13 in Axes
 11768 | D:10     | Reached skill level 5 in Evocations
 11993 | D:10     | Reached **** piety under Ashenzari
 12031 | D:10     | Found a shadowy altar of Dithmenos.
 12171 | D:10     | Noticed a two-headed ogre
 12176 | D:10     | Killed a two-headed ogre
 12374 | D:10     | Acquired the +1 cloak of the Skies Above {+Inv Int+6 Dex+4}
 12638 | D:11     | Reached XP level 12. HP: 50/110 MP: 12/12
 12892 | D:11     | Identified the +8 short sword "Ykkuqigi" {vamp, Stlth+}
 12966 | D:11     | Identified the ring "Fegryh" {Drain +Blink Str+3 Slay+4}
 13023 | D:11     | Reached skill level 14 in Axes
 13497 | D:11     | Found a staircase to the Orcish Mines.
 13987 | D:12     | Reached skill level 10 in Fighting
 14095 | D:12     | Reached skill level 1 in Fire Magic
 14146 | D:12     | Noticed a two-headed ogre
 14152 | D:12     | Killed a two-headed ogre
 14153 | D:12     | Reached skill level 1 in Stealth
 14242 | D:12     | Noticed a five-headed hydra
 14251 | D:12     | a five-headed hydra changed into a tyrant leech
 14380 | D:12     | Reached skill level 1 in Spellcasting
 14715 | D:13     | Found a gate to the Vaults.
 14715 | D:13     | Noticed a vault guard
 14715 | D:13     | Noticed a vault guard
 14715 | D:13     | Noticed a vault guard
 14715 | D:13     | Noticed a vault guard
 14715 | D:13     | Noticed a vault guard
 14716 | D:13     | Noticed a vault guard
 14717 | D:13     | Noticed a vault guard
 14718 | D:13     | Noticed a vault guard
 14720 | D:13     | Noticed a centaur warrior
 14723 | D:13     | Noticed a two-headed ogre
 14726 | D:13     | Killed a vault guard
 14729 | D:13     | Killed a vault guard
 14733 | D:13     | Killed a vault guard
 14734 | D:13     | Reached skill level 15 in Axes
 14734 | D:13     | Reached XP level 13. HP: 110/119 MP: 17/17
 14737 | D:13     | Killed a vault guard
 14746 | D:13     | Killed a vault guard
 14753 | D:13     | Killed a vault guard
 14757 | D:13     | Killed a vault guard
 14763 | D:13     | Killed a vault guard
 15237 | D:13     | Reached skill level 10 in Armour
 15332 | D:13     | Reached ***** piety under Ashenzari
 15437 | D:13     | Reached skill level 10 in Shields
 15440 | D:13     | Learned a level 2 spell: Scorch
 15821 | Lair:1   | Entered Level 1 of the Lair of Beasts
 15879 | Lair:1   | Noticed Gastronok
 15894 | Lair:1   | Killed Gastronok
 16503 | Lair:2   | Found a staircase to the Snake Pit.
 16588 | Lair:2   | Reached skill level 16 in Axes
 16606 | Lair:2   | Reached XP level 14. HP: 118/129 MP: 21/21
 16666 | Lair:2   | Found a staircase to the Swamp.
 17364 | Lair:3   | Reached skill level 5 in Fire Magic
 17794 | Lair:3   | Identified the +9 falchion of Aroptargh {vorpal, +Blink}
 18070 | Lair:4   | Found a transporter.
 18083 | Lair:4   | Noticed Lutiheq's ghost (journeyman DrTm)
 18088 | Lair:4   | Found a bloodstained altar of Trog.
 18284 | Lair:4   | Identified the ring "Uwypynt" {rElec rPois}
 18285 | Lair:4   | Found a transporter.
 18699 | Lair:4   | Killed Lutiheq's ghost
 18919 | Lair:5   | Entered Level 5 of the Lair of Beasts
 18921 | Lair:5   | Found a staircase to the Slime Pits.
 18921 | Lair:5   | Found a viscous altar of Jiyva.
 18932 | Lair:5   | Killed from afar by an oklob plant

Illustrated notes

Levels and vault maps discovered:
D:1:      dpeg_arrival_circle_labyrinth_c, layout_loops_ring
D:2:      layout_basic, ebering_ecumenical_altar_mist, serial_shops,
          nicolae_shop_bloodbath_and_beyond, shop,
          nicolae_shop_temple_entry_statues_fountains
D:3:      layout_loops_corners, mainiacjoe_overflow_catwalk, dk_vineyard_1,
          hangedman_decor_points, uniq_jessica
D:4:      minmay_door_path, layout_cave_pools,
          mainiacjoe_overflow_cross_hatched, kiku_gazebo_garden_becter,
          minmay_temple_entry_sparse_star, serial_shops, nicolae_diamond_shop,
          uniq_eustachio
D:5:      layout_basic, portal_sewer_entry_b, kennysheep_generic_room_9
D:6:      layout_basic, uniq_blork_the_orc, uniq_edmund
D:7:      layout_basic, nemelex_diamond_rough_becter,
          mainiacjoe_overflow_boulevard, uniq_duvessa
D:8:      layout_basic, lemuel_crystal_altar, marbit_many_paths, enter_bailey_8,
          item_on_display_a, uniq_pikel
D:9:      layout_basic, kennysheep_slug_shrine, lemuel_crystal_altar,
          serial_shops, shop
D:10:     layout_irregular_city, mainiacjoe_overflow_chevrons,
          erik_lair_orcish_takeover
D:11:     minmay_weird_star, layout_loops_ring, hiddenorc2_lemuel, minivault_22
D:12:     layout_roguey
D:13:     layout_roguey, erik_vaults_2
D:14:     minmay_angry_zag, layout_long_grid,
          nicolae_concentric_dashed_squares_wild, evilmike_minifort
Temple:   nicolae_temple_hex_pool
Lair:1:   layout_misc_corridors, guppyfry_lair_drakes, lemuel_fruit_fields,
          uniq_gastronok
Lair:2:   layout_loops_ring, skrybe_swamp_entry_bodies,
          guppyfry_snake_entry_island, chequers_serial_rivers_micro_c,
          serial_bayou_shore_a, lemuel_fruit_fields
Lair:3:   layout_chaotic_city, infiniplex_staircase_pool_2, lemuel_fruit_tree
Lair:4:   layout_small_grid, gammafunk_ghost_wrathful_warriors
Lair:5:   minmay_lair_end_enchanted_forest, layout_gridlike,
          minmay_slime_entry_oklob_open

Skill      XL: |  1  2  3  4  5  6  7  8  9 10 11 12 13 14 |
---------------+-------------------------------------------+-----
Axes           | 3 4 5 6 7 9 10 12 13 15 16 | 16.8
Fighting       | 4 5 6 7 8 9 10 11 | 11.7
Dodging        | 1 2 3 4 5 6 7 |  7.9
Armour         | 4 5 6 7 8 9 10 | 10.8
Shields        | 4 5 6 7 8 9 10 | 10.7
Evocations     | 2 4 5 6 7 8 |  8.0
Fire Magic     | 2 4 5 |  5.4
Stealth        | 2 3 4 |  4.5
Spellcasting   | 1 3 |  3.7
Earth Magic    | |  0.7

Action                   |  1- 3 |  4- 6 |  7- 9 | 10-12 | 13-15 || total
-------------------------+-------+-------+-------+-------+-------++-------
Melee: War axe           |   122 |   127 |   162 |       |       ||   411
       Broad axe         |       |       |   101 |   355 |   263 ||   719
 Cast: Scorch            |       |       |       |       |     1 ||     1
Invok: Curse Item        |       |       |     5 |     2 |     2 ||     9
 Abil: Evoke Invisibilit |       |       |       |     1 |       ||     1
Evoke: Wand              |       |       |     5 |    15 |     5 ||    25
  Use: Scroll            |    11 |     4 |    11 |     8 |       ||    34
       Potion            |       |     2 |     2 |     3 |     3 ||    10
 Stab: Invisible         |       |       |       |     2 |       ||     2
       Distracted        |       |       |       |     1 |     1 ||     2
       Sleeping          |       |       |       |       |     4 ||     4
Armor: Scale mail        |    75 |    67 |    98 |    51 |    68 ||   359
Dodge: Dodged            |    48 |    77 |   134 |   153 |    93 ||   505
Block: Buckler           |    20 |    34 |    84 |   120 |   177 ||   435
       Reflection        |       |       |       |     1 |    13 ||    14
